 Dungeon Crawl Stone Soup version 0.24-a0-250-g6074511 (webtiles) character file.

Game seed: 17833687878489870650

10 MatthieuS the Chiller (level 2, -1/19 HPs)
             Began as a Human Ice Elementalist on Apr 15, 2019.
             Slain by a jackal (2 damage)
             ... on level 1 of the Dungeon.
             The game lasted 00:01:35 (246 turns).

MatthieuS the Chiller (Human Ice Elementalist)       Turns: 246, Time: 00:01:35

Health: -1/19      AC:  2    Str:  8    XL:     2   Next: 30%
Magic:  0/5        EV: 12    Int: 15    God:
Gold:   13         SH:  0    Dex: 13    Spells: 2/5 levels left

rFire    . . .     SeeInvis .   (no weapon)
rCold    . . .     Gourm    .   (no shield)
rNeg     . . .     Faith    .   a - +0 robe
rPois    .         Spirit   .   (no helmet)
rElec    .         Reflect  .   (no cloak)
rCorr    .         Harm     .   (no gloves)
MR       .....                  (no boots)
Stlth    ++........             (no amulet)
HPRegen  0.06/turn              (no ring)
MPRegen  0.09/turn              (no ring)

@: no status effects
A: no striking features
a: no special abilities


You were on level 1 of the Dungeon.
You were not hungry.

You visited 1 branch of the dungeon, and saw 1 of its levels.

You collected 13 gold pieces.

Inventory:

Armour
 a - a +0 robe (worn)
Comestibles
 b - 4 chunks of flesh
 e - a ration


   Skills:
 - Level 2.0 Dodging
 - Level 2.0 Stealth
 + Level 2.3 Spellcasting
 - Level 1.0 Conjurations
 + Level 3.3 Ice Magic


You had 2 spell levels left.
You knew the following spells:

 Your Spells              Type           Power        Failure   Level  Hunger
a - Freeze                Ice            ##..         5%          1    #......
b - Throw Frost           Conj/Ice       #.....       13%         2    ###....

Your spell library contained the following spells:

 Spells                   Type           Power        Failure   Level  Hunger
 Ozocubu's Armour         Chrm/Ice       #.......     32%         3    ###....
 Throw Icicle             Conj/Ice       #.......     65%         4    #####..
 Summon Ice Beast         Ice/Summ       #.......     71%         4    #####..


Dungeon Overview and Level Annotations

Branches:
Dungeon (1/15)

Altars:


Message History

The giant cockroach bites you but does no damage.
Aim: a giant cockroach (moderately wounded, clinging)
You freeze the giant cockroach.
You kill the giant cockroach!
The jackal bites you.
* * * LOW HITPOINT WARNING * * *
The jackal bites you.
* * * LOW HITPOINT WARNING * * *
You see here a giant cockroach corpse.
A jackal comes into view.
The jackal bites you but does no damage.
You aren't carrying any potions.
The jackal closely misses you.
The jackal barks!
You hear a shout!
A goblin comes into view.
Found a ring mail.
You see here a scroll labeled TACAOPR WUWENGENUN.
c - a scroll labeled TACAOPR WUWENGENUN The jackal bites you but does no damage. x2
The jackal barely misses you.
A jackal comes into view.
As you read the scroll labeled TACAOPR WUWENGENUN, it crumbles to dust.
The scroll dissolves into smoke.
It was a scroll of fog.
The jackal bites you but does no damage.
The jackal barely misses you. The jackal bites you.
* * * LOW HITPOINT WARNING * * *
The jackal closely misses you. The goblin hits you.
* * * LOW HITPOINT WARNING * * *
The jackal closely misses you. The jackal misses you.
The goblin closely misses you.
The jackal barks!
Aim: a jackal (blue smoke)
You freeze the jackal. The jackal closely misses you.
You closely miss the jackal. The jackal closely misses you.
The jackal barely misses you.
You see here a ring mail.
The jackal bites you.
* * * LOW HITPOINT WARNING * * *
Found a stone staircase leading down.
The jackal closely misses you. The jackal bites you.
* * * LOW HITPOINT WARNING * * *
Aim: a jackal (heavily wounded)
You freeze the jackal.
You kill the jackal!
You hit the jackal but do no damage. The jackal barely misses you.
The jackal completely misses you.
You barely miss the jackal. The jackal bites you.
You die...

#.....(.....#....#§§
###...........####.#.#.
.....÷........####[#.#.#
.....................# #
......####.#######h#.#
..[...## #.#######.#.#
.......###.#.........#
####.....#...#####.#.#
#......#.#..##@hg#...
###...####.#..####.# ..#
....### #)#..# .....>..
.#### #....# ....###..
##..### #....# #.#### ..
...#..####.#### #.
######.....# ## ###...#
#..##


You could see a jackal and a goblin.

Vanquished Creatures
  A giant cockroach (D:1)
  2 jackals (D:1)
  A kobold (D:1)
  2 bats (D:1)
  2 frilled lizards (D:1)
  2 rats (D:1)
10 creatures vanquished.

Notes
Turn   | Place    | Note
-------+----------+-------------------------------------------
     0 | D:1      | MatthieuS the Human Ice Elementalist began the quest for
                  | the Orb.
     0 | D:1      | Reached XP level 1. HP: 13/13 MP: 3/3
   148 | D:1      | Reached XP level 2. HP: 19/19 MP: 3/5
   174 | D:1      | Learned a level 2 spell: Throw Frost
   246 | D:1      | Slain by a jackal

Levels and vault maps discovered:
D:1:      dpeg_arrival_arbitrary_a, layout_basic

Action                   || total
-------------------------++-------
Melee: Unarmed           ||    18
 Cast: Freeze            ||    14
  Use: Scroll            ||     1
Armor: Robe              ||     9
Dodge: Dodged            ||    30

Table legend:
 A = Non-vault XP
 B = Vault XP
 C = Vault XP percentage of total XP
 D = Non-vault monster count
 E = Vault monster count
 F = Vault count percentage of total count
                 A         B        C        D         E       F
            +---------+---------+-------+---------+---------+-------
      Total |      15 |       0 |   0.0 |      10 |       0 |   0.0
            +---------+---------+-------+---------+---------+-------
        D:1 |      15 |       0 |   0.0 |      10 |       0 |   0.0
            +---------+---------+-------+---------+---------+-------
